 Dungeon Crawl Stone Soup version 0.31-a0-1074-g0b22e4e0f1 (webtiles) character file.

Game seed: 7445396148920262057

2780 Iich the Ruffian (level 9, -4/88 HPs)
             Began as a Troll Shapeshifter on Nov 27, 2023.
             Slain by an ogre
             ... wielding a +0 giant club
              (26 damage)
             ... on level 6 of the Dungeon.
             The game lasted 00:11:54 (4504 turns).

Iich the Ruffian (Troll Shapeshifter)               Turns: 4504, Time: 00:11:55

Health: -4/88      AC:  4    Str: 28    XL:     9   Next: 43%
Magic:  8/8        EV: 11    Int:  6    God:
Gold:   232        SH:  0    Dex: 14    Spells: 8/8 levels left

rFire   . .          .
                       - Unarmed
rCold   . . .        (no shield)
rNeg    + . .        a - +0 animal skin
rPois   .            (helmet currently unavailable)
rElec   .            (cloak currently unavailable)
rCorr   +            (gloves unavailable)
SInv    .            (boots unavailable)
Will    .....        m - amulet of the acrobat
Stlth   +            r - ring "Lot Osch" {rN+ Dex+5}
HPRegen 1.14/turn    C - ring of resist corrosion
MPRegen 0.11/turn

%: acrobat
@: beast-form
A: beast (slay +3), large, unfitting armour, claws 3, regeneration 1, shaggy fur
1, tough skin 1
a: Begin Untransformation


You were on level 6 of the Dungeon.
You were a hulking beast.
You visited 1 branch of the dungeon, and saw 6 of its levels.
You also visited: Sewer.

You collected 322 gold pieces.
You spent 90 gold pieces at shops.

Inventory:

Hand Weapons
 o - a +0 battleaxe
Armour
 a - a +0 animal skin (worn)
Jewellery
 m - an amulet of the acrobat (around neck)
 r - the ring "Lot Osch" (left claw) {rN+ Dex+5}
   (You acquired it on level 3 of the Dungeon)

   [ring of positive energy]

   Dex+5:     It affects your dexterity (+5).
   rN+:       It protects you from negative energy.
 C - a ring of resist corrosion (right claw)
Talismans
 c - a beast talisman (active)
 d - a flux talisman
 w - a maw talisman
Wands
 j - a wand of polymorph (4)
 k - a wand of roots (10)
 D - a wand of digging (7)
Scrolls
 e - a scroll of noise
 f - 2 scrolls of poison
 g - 2 scrolls of fear
 h - a scroll of enchant weapon
 t - 3 scrolls of teleportation
 v - a scroll of amnesia {unknown}
 x - a scroll of enchant armour {unknown}
 y - a scroll of torment {unknown}
Potions
 b - 2 potions of lignification
 i - a potion of attraction {unknown}
 l - a potion of enlightenment {unknown}
 n - 2 potions of magic
 p - a potion of cancellation
 q - a potion of berserk rage
 s - a potion of haste {unknown}
 u - a potion of curing {unknown}
 z - a potion of mutation {unknown}


   Skills:
 * Level 5.4 Fighting
 + Level 3.1 Axes
 + Level 4.3 Dodging
 * Level 7.2 Unarmed Combat
 * Level 6.7 Shapeshifting


You had 8 spell levels left.
You didn't know any spells.
Your spell library contained the following spells:

 Spells                   Type           Power      Damage    Failure   Level
 Blink                    Tloc           0%         N/A       58%         2
 Manifold Assault         Tloc           0%         N/A       99%         4


Dungeon Overview and Level Annotations

Branches:
Dungeon (6/15)              Sewer (visited)
 Temple: D:4-7

Altars:
Makhleb
Qazlal
Sif Muna
Wu Jian
Xom

Shops:
D:2 *   D:4 ?   D:5 *   D:6 *(


Innate Abilities, Weirdness & Mutations

You are a hulking beast.
Your limbs bulge with bestial killing power. (Slay +3)
You are too large for most types of armour.
You have claws for hands.
Your natural rate of healing is unusually fast.
You are covered in fur. (AC +1)
You have tough skin. (AC +1)


Message History

* * * LOW HITPOINT WARNING * * *
You take 9 damage, and have 56/88 hp.
Unknown command.
You claw the howler monkey!
The howler monkey is almost dead.
The orc wizard casts a spell.
The orc wizard flickers and vanishes!
Deactivating autopickup; reactivate with Ctrl-A.
The gnoll sergeant completely misses you.
You hear a shout!
You mangle the howler monkey!!
You kill the howler monkey!
The howler monkey hoots and howls with incredible vigour!
An orc priest comes into view. It is wielding a +0 short sword.
The gnoll sergeant hits you from afar with a +0 spear!
* * * LOW HITPOINT WARNING * * *
You hear a howl!
You hear a bark! x2
The howler monkey hits you.
* * * LOW HITPOINT WARNING * * *
The gnoll sergeant completely misses you.
Unknown command.
You take 8 damage, and have 49/88 hp.
You mangle the gnoll sergeant!!
The gnoll sergeant is almost dead.
The howler monkey hits you.
* * * LOW HITPOINT WARNING * * *
An orc priest comes into view. It is wielding a +0 club.
A gnoll comes into view. It is wielding a +0 club.
The gnoll sergeant hits you with a +0 spear!
* * * LOW HITPOINT WARNING * * *
You mangle the gnoll sergeant!!
You kill the gnoll sergeant!
The howler monkey hits you.
* * * LOW HITPOINT WARNING * * *
The orc priest mumbles some strange prayers to Beogh against you.
Beogh smites you!
* * * LOW HITPOINT WARNING * * *
The orc priest begins to cast a cantrip, but forgets the words!
The ogre hits you with a +0 giant club!!
You die...

# #. #'##### #....' !
#...h######## ##
#..)h.......# .
##'O#).......
..o..#........
#..g..#.......#
#o#####'###############
# #.......'....)...
#.......#...)#)..
#.......#..).#...
#########''')####


You could see an ogre, a howler monkey, 2 orc priests and a gnoll.

Vanquished Creatures
  A cyclops (D:6)
  Sigmund (D:3)
  A steam dragon (D:6)
  Pargi (Sewer)
  A black bear (D:5)
  An ice beast (D:6)
  An orc warrior (D:6)
  A sky beast (D:6)
  4 ogres
  A kobold brigand (D:6)
  2 scorpions
  3 gnoll sergeants (D:6)
  An electric eel (D:6)
  3 howler monkeys (D:6)
  3 orc priests
  4 hounds
  2 jellies
  A gnoll bouda (D:6)
  4 iguanas (D:5)
  7 orc wizards
  7 gnolls
  12 adders
  A river rat (D:3)
  A white imp (D:6)
  3 worms
  11 orcs
  9 endoplasms
  4 giant cockroaches
  7 goblins
  7 hobgoblins
  8 jackals
  4 quokkas
  8 ball pythons
  11 bats
  3 frilled lizards
  12 kobolds
  7 rats
158 creatures vanquished.

Vanquished Creatures (others)
  An orc wizard (D:6)
  An orc (D:6)
2 creatures vanquished.

Grand Total: 160 creatures vanquished

Notes
Turn   | Place    | Note
-------+----------+-------------------------------------------
     0 | D:1      | Iich the Troll Shapeshifter began the quest for the Orb.
     0 | D:1      | Reached XP level 1. HP: 18/18 MP: 0/0
    54 | D:1      | Reached skill level 1 in Fighting
    71 | D:1      | Reached XP level 2. HP: 27/27 MP: 1/1
   245 | D:1      | Found a faded altar of an unknown god.
   419 | D:1      | Reached XP level 3. HP: 32/33 MP: 2/2
   588 | D:2      | Reached XP level 4. HP: 31/41 MP: 3/3
   899 | D:2      | Found Ihenken's General Store.
  1309 | D:3      | Reached XP level 5. HP: 49/49 MP: 4/4
  1320 | D:3      | Reached skill level 4 in Unarmed Combat
  1372 | D:3      | Found a glowing drain.
  1398 | Sewer    | Entered a sewer
  1467 | Sewer    | Noticed Pargi
  1475 | Sewer    | Killed Pargi
  1476 | Sewer    | Reached XP level 6. HP: 33/59 MP: 5/5
  1694 | D:3      | Identified a scroll of acquirement
  1695 | D:3      | Acquired the ring "Lot Osch" {rN+ Dex+5}
  1855 | D:3      | Found a shimmering altar of Xom.
  1869 | D:3      | Found a shimmering blue altar of Sif Muna.
  2217 | D:3      | Noticed Sigmund
  2226 | D:3      | Killed Sigmund
  2346 | D:4      | Found Xera's Magic Scroll Boutique.
  2354 | D:4      | Bought a scroll of blinking for 90 gold pieces
  2398 | D:4      | Reached XP level 7. HP: 67/67 MP: 6/6
  2641 | D:4      | Found a stormy altar of Qazlal.
  2644 | D:4      | Reached skill level 1 in Axes
  2706 | D:4      | Found an ornate altar of the Wu Jian Council.
  2713 | D:4      | Found a burning altar of Makhleb.
  2763 | D:4      | Reached skill level 5 in Unarmed Combat
  2868 | D:5      | Entered Level 5 of the Dungeon
  3097 | D:5      | Reached skill level 5 in Shapeshifting
  3167 | D:5      | Found Etarov's Gadget Gallery.
  3183 | D:5      | Reached XP level 8. HP: 78/78 MP: 7/7
  3656 | D:6      | Reached skill level 6 in Unarmed Combat
  3719 | D:6      | Found Zaathrut's Weapon Boutique.
  3764 | D:6      | Found Benafi's General Store.
  4323 | D:6      | Reached XP level 9. HP: 75/87 MP: 8/8
  4357 | D:6      | Noticed a cyclops
  4368 | D:6      | Killed a cyclops
  4369 | D:6      | Reached skill level 5 in Fighting
  4369 | D:6      | Reached skill level 7 in Unarmed Combat
  4504 | D:6      | Slain by an ogre

Illustrated notes

Levels and vault maps discovered:
D:1:      lightli_iron_boxes, layout_rooms, ebering_ecumenical_altar_hall,
          hangedman_abyss_or_decor_lesser_grid, kennysheep_flooded_box
D:2:      minmay_angry_zag, layout_basic, serial_shops,
          nicolae_shop_rolling_square, minmay_fractal_squares_gapless_5
D:3:      layout_basic, led_sif_book, mainiacjoe_overflow_alcove_4,
          portal_sewer_entry_c, uniq_sigmund
D:4:      layout_rooms, nicolae_overflow_crystal_walls,
          amethyst_overflow_temple_binary, serial_shops, shop,
          minmay_misc_feat_nine_boxes
D:5:      layout_rooms, nicolae_shop_gadgets
D:6:      lemuel_castle_with_subvaults [lemuel_castle_interior_carwin_3],
          layout_basic, temple_green, serial_shops, shop,
          nicolae_shop_bloodbath_and_beyond, serial_bayou, serial_bayou_pond_b,
          serial_bayou_crossing, serial_bayou_lake_a, serial_bayou_shore_b,
          serial_bayou_pond_a

Skill      XL: |  1  2  3  4  5  6  7  8  9 |
---------------+----------------------------+-----
Fighting       | 1 2 3 4 5 |  5.4
Dodging        | 2 3 4 |  4.3
Unarmed Combat | 4 5 6 7 |  7.2
Shapeshifting  | 4 5 6 |  6.7
Axes           | 1 2 3 |  3.1

Action                     |  1- 3 |  4- 6 |  7- 9 || total
---------------------------+-------+-------+-------++-------
  Melee: Unarmed           |    70 |   139 |   205 ||   414
         Punch             |     3 |     3 |     4 ||    10
  Evoke: Wand              |       |     1 |     3 ||     4
    Use: Scroll            |       |     6 |     2 ||     8
         Potion            |       |     2 |     1 ||     3
   Stab: Sleeping          |       |     1 |     1 ||     2
 Armour: Animal skin       |    47 |    91 |   135 ||   273
  Dodge: Dodged            |    33 |    70 |   120 ||   223
   Form: Beast             |     1 |       |       ||     1

Table legend: (Time is in decaauts)
 A = Elapsed time spent in this place.
 B = Non-inter-level travel time spent in this place.
 C = Inter-level travel time spent in this place.
 D = Time resting spent in this place.
 E = Time spent auto-exploring this place.
 F = Levels seen in this place.
 G = Mean time per level.
                   A        B        C        D        E       F      G
               +--------+--------+--------+--------+--------+-----+--------+
         Total |   4466 |   4351 |    115 |    313 |   2905 |   7 |  638.0 |
       Dungeon |   4263 |   4148 |    115 |    313 |   2787 |   6 |  710.5 |
         Sewer |    202 |    202 |      0 |      0 |    118 |   1 |  202.0 |
               +--------+--------+--------+--------+--------+-----+--------+

Top non-repeatable levels by time:
     D:5: 887 daAuts
     D:3: 834 daAuts
     D:2: 829 daAuts
     D:6: 731 daAuts
     D:4: 517 daAuts
     D:1: 464 daAuts
   Sewer: 202 daAuts
